 Dungeon Crawl Stone Soup version 0.30-a0-989-g0d87f670db (webtiles) character file.

Game seed: 8569654881751288650

2288724 MrSquiggles the Impregnable (level 27, 261/261 HPs)
             Began as a Minotaur Fighter on Apr 2, 2023.
             Was a High Priest of Okawaru.
             Escaped with the Orb
             ... and 4 runes on Apr 3, 2023!
             The game lasted 03:12:23 (72434 turns).

MrSquiggles the Impregnable (Minotaur Fighter)     Turns: 72434, Time: 03:12:24

Health: 261/261    AC: 41    Str: 50    XL:     27
Magic:  49/49      EV: 23    Int:  4    God:    Okawaru [*****.]
Gold:   4045       SH: 31    Dex: 17    Spells: 26/26 levels left

rFire   + + +      SeeInvis +    b - +8 trishula "Condemnation" {holy, anguish, *Noise Fly rN+}
rCold   + + .      Faith    .    T - +7 tower shield {reflect}
rNeg    + + +      Spirit   .    U - +9 chain mail "Egodwekk" {Str+5 Dex+2}
rPois   +          Reflect  +    m - +2 hat {Will+}
rElec   +          Rampage  .    Z - +2 cloak {Will+}
rCorr   .                        c - +3 pair of gauntlets of War {Slay+5}
Will    ++++.                    t - +2 pair of boots of Shielding {SInv} Stlth
                                 G - amulet of Lady Luck {rElec Regen+ MP+9 Str+8 Dex-3}
HPRegen 1.43/turn                E - ring of Knowledge {rPois rN++ MP+9 Dex+6 Stlth+}
MPRegen 0.31/turn                f - ring "Zinam" {rElec rF+++ rC++ Str+6 Dex-5}

@: flying, studying Conjurations
A: horns 2, retaliatory headbutt, deterioration 1, strong 1, subdued magic 1,
inability to drink after injury 1, devolution 1
0: Orb of Zot
}: 4/15 runes: decaying, serpentine, slimy, silver
a: Renounce Religion, Heroism, Finesse, Duel


You escaped.
You worshipped Okawaru.
Okawaru was extremely pleased with you.
You visited 11 branches of the dungeon, and saw 55 of its levels.
You also visited: Trove, Sewer, Wizlab and Desolation.

You collected 7277 gold pieces.
You spent 3232 gold pieces at shops.

Inventory:

Hand Weapons
 a - a +9 demon trident of electrocution
 b - the +8 trishula "Condemnation" (weapon) {holy, anguish, *Noise Fly rN+}
   (You took it off a yaktaur captain on level 5 of the Vaults)

   rN:        It protects you from negative energy.
   Fly:       It grants you flight.
   *Noise:    It may make noises in combat.
Missiles
 x - 11 datura-tipped darts
 z - 11 boomerangs
 A - 19 curare-tipped darts
 H - 38 javelins
 L - 14 silver javelins (quivered)
 O - 6 boomerangs of dispersal
Armour
 c - the +3 pair of gauntlets of War (worn) {Slay+5}
   (You found it in a treasure trove)

   Slay:      It affects your accuracy & damage with ranged weapons and melee
   (+5).
 m - a +2 hat of willpower (worn)
 t - the +2 pair of boots of Shielding (worn) {SInv}
   (Okawaru gifted it to you on level 2 of the Snake Pit)

   SInv:      It lets you see invisible.
 T - a +7 tower shield of reflection (worn)
 U - the +9 chain mail "Egodwekk" (worn) {Str+5 Dex+2}
   (Okawaru gifted it to you on level 5 of the Vaults)

   Str:       It affects your strength (+5).
   Dex:       It affects your dexterity (+2).
 Z - a +2 cloak of willpower (worn)
Jewellery
 f - the ring "Zinam" (right hand) {rElec rF+++ rC++ Str+6 Dex-5}
   (You acquired it on level 4 of the Dungeon)

   [ring of strength]

   Str:       It affects your strength (+6).
   Dex:       It affects your dexterity (-5).
   rF:        It renders you almost immune to fire.
   rC:        It greatly protects you from cold.
   rElec:     It insulates you from electricity.
 o - a ring of resist corrosion
 E - the ring of Knowledge (left hand) {rPois rN++ MP+9 Dex+6 Stlth+}
   (You bought it in a shop on level 2 of the Depths)

   [ring of dexterity]

   Dex:       It affects your dexterity (+6).
   rPois:     It protects you from poison.
   rN:        It greatly protects you from negative energy.
   MP:        It affects your magic capacity (+9).
   Stlth:     It makes you more stealthy.
 G - the amulet of Lady Luck (around neck) {rElec Regen+ MP+9 Str+8 Dex-3}
   (You found it on level 5 of the Lair of Beasts)

   [amulet of regeneration]

   Str:       It affects your strength (+8).
   Dex:       It affects your dexterity (-3).
   rElec:     It insulates you from electricity.
   MP:        It affects your magic capacity (+9).
   Regen:     It increases your rate of health regeneration.
 M - a ring of flight
 S - the amulet "Pucupto" {rPois Regen+}
   (You found it on level 3 of the Crypt)

   [amulet of regeneration]

   rPois:     It protects you from poison.
   Regen:     It increases your rate of health regeneration.
Wands
 F - a wand of polymorph (6)
 N - a wand of acid (8)
 Q - a wand of iceblast (45)
 Y - a wand of digging (24)
Scrolls
 h - 5 scrolls of noise
 j - 9 scrolls of blinking
 k - 20 scrolls of teleportation
 s - 12 scrolls of fear
 y - 5 scrolls of magic mapping
 C - 12 scrolls of immolation
 I - 6 scrolls of silence
 J - 8 scrolls of poison
 W - 9 scrolls of fog
 X - 15 scrolls of vulnerability
Potions
 d - 6 potions of might
 e - 3 potions of invisibility
 g - 4 potions of resistance
 i - 6 potions of lignification
 l - 9 potions of heal wounds
 n - 4 potions of cancellation
 p - 7 potions of berserk rage
 v - 2 potions of haste
 w - 27 potions of curing
 B - 6 potions of magic
 D - 13 potions of attraction
 P - 15 potions of flight
 R - 6 potions of mutation
 V - 8 potions of ambrosia
Miscellaneous
 q - a condenser vane
 r - a lightning rod (4/4)
 u - a tin of tremorstones (1/2)
 K - a phial of floods


   Skills:
 + Level 24.2 Fighting
 - Level 14.0 Polearms
 + Level 20.1 Throwing
 + Level 25.3 Armour
 - Level 22.0 Dodging
 + Level 24.5 Shields
 - Level 13.0 Invocations
 + Level 19.7 Evocations


You had 26 spell levels left.
You didn't know any spells.
Your spell library contained the following spells:

 Spells                   Type           Power      Damage    Failure   Level
 Apportation              Tloc           0%         N/A       71%         1
 Beastly Appendage        Tmut           0%         N/A       71%         1
 Foxfire                  Conj/Fire      0%         2x1d2     71%         1
 Kiss of Death            Conj/Necr      0%         2d5       71%         1
 Magic Dart               Conj           0%         1d3       71%         1
 Necrotise                Necr           0%         1d4       71%         1
 Shock                    Conj/Air       0%         1d3       71%         1
 Sting                    Tmut/Pois      0%         1d3       71%         1
 Blink                    Tloc           0%         N/A       85%         2
 Cigotuvi's Dreadful Rot  Necr/Pois/Air  0%         N/A       85%         2
 Ensorcelled Hibernation  Hex/Ice        0%         N/A       85%         2
 Lesser Beckoning         Tloc           0%         N/A       85%         2
 Momentum Strike          Conj/Tloc      0%         3d8       85%         2
 Passwall                 Tmut/Erth      0%         N/A       85%         2
 Poisonous Vapours        Pois/Air       0%         N/A       85%         2
 Searing Ray              Conj           0%         2d4       85%         2
 Static Discharge         Conj/Air       0%         2-2/arc   85%         2
 Sublimation of Blood     Necr           0%         N/A       85%         2
 Wereblood                Tmut           0%         N/A       85%         2
 Confusing Touch          Hex            0%         N/A       97%         3
 Dazzling Flash           Conj/Hex       0%         N/A       97%         3
 Frozen Ramparts          Ice            0%         1d1       97%         3
 Gell's Gravitas          Tloc           0%         N/A       97%         3
 Ignite Poison            Fire/Tmut/Pois 0%         N/A       97%         3
 Inner Flame              Hex/Fire       0%         N/A       97%         3
 Kindle Blastsparks       Fire/Tloc/Air  0%         2d10      97%         3
 Mephitic Cloud           Conj/Pois/Air  0%         N/A       97%         3
 Portal Projectile        Hex/Tloc       0%         N/A       97%         3
 Spider Form              Tmut/Pois      0%         N/A       97%         3
 Swiftness                Air            0%         N/A       97%         3
 Teleport Other           Tloc           0%         N/A       97%         3
 Vhi's Electric Charge    Tloc/Air       0%         N/A       97%         3
 Airstrike                Air            0%         2d(0-16)  100%        4
 Dispel Undead            Necr           0%         3d6       100%        4
 Flame Wave               Conj/Fire      0%         2d4       100%        4
 Fulminant Prism          Conj/Hex       0%         3d5       100%        4
 Ice Form                 Ice/Tmut       0%         N/A       100%        4
 Iskenderun's Mystic Bla  Conj/Tloc      0%         2d3       100%        4
 Leda's Liquefaction      Hex/Erth       0%         N/A       100%        4
 Manifold Assault         Tloc           0%         N/A       100%        4
 Olgreb's Toxic Radiance  Pois           0%         N/A       100%        4
 Passage of Golubria      Tloc           0%         N/A       100%        4
 Sticky Flame             Conj/Fire      0%         2d3       100%        4
 Agony                    Necr           0%         N/A       100%        5
 Alistair's Intoxication  Tmut/Pois      0%         N/A       100%        5
 Arcjolt                  Conj/Air       0%         1d10      100%        5
 Blade Hands              Tmut           0%         N/A       100%        5
 Borgnjor's Vile Clutch   Necr/Erth      0%         N/A       100%        5
 Fireball                 Conj/Fire      0%         3d3       100%        5
 Freezing Cloud           Conj/Ice/Air   0%         6-21      100%        5
 Irradiate                Conj/Tmut      0%         3d11      100%        5
 Iskenderun's Battlesphe  Conj           0%         2d6       100%        5
 Lee's Rapid Deconstruct  Erth           0%         3d4*      100%        5
 Plasma Beam              Fire/Air       0%         2x1d7     100%        5
 Silence                  Hex/Air        0%         N/A       100%        5
 Dispersal                Tloc           0%         N/A       100%        6
 Eringya's Noxious Bog    Tmut/Pois      0%         N/A       100%        6
 Iron Shot                Conj/Erth      0%         9d1       100%        6
 Starburst                Conj/Fire      0%         6d3       100%        6
 Statue Form              Tmut/Erth      0%         N/A       100%        6
 Dragon Form              Tmut           0%         N/A       100%        7
 Enfeeble                 Hex            0%         N/A       100%        7
 Orb of Destruction       Conj           0%         9d5       100%        7
 Storm Form               Tmut/Air       0%         N/A       100%        7
 Borgnjor's Revivificati  Necr           0%         N/A       100%        8
 Ignition                 Fire           0%         3d3       100%        8
 Lehudib's Crystal Spear  Conj/Erth      0%         10d2      100%        8
 Maxwell's Capacitive Co  Air            0%         ∞         100%        8
 Necromutation            Tmut/Necr      0%         N/A       100%        8
 Chain Lightning          Conj/Air       0%         N/A       100%        9
 Death's Door             Necr           0%         N/A       100%        9
 Fire Storm               Conj/Fire      0%         5d1       100%        9
 Polar Vortex             Ice            0%         N/A       100%        9
 Shatter                  Erth           0%         3d5*      100%        9
 Summon Small Mammal      Summ           Unusable   N/A       N/A         1
 Call Imp                 Summ           Unusable   N/A       N/A         2
 Call Canine Familiar     Summ           Unusable   N/A       N/A         3
 Animate Dead             Necr           Unusable   N/A       N/A         4
 Summon Ice Beast         Ice/Summ       Unusable   N/A       N/A         4
 Summon Lightning Spire   Summ/Air       Unusable   N/A       N/A         4
 Death Channel            Necr           Unusable   N/A       N/A         6
 Simulacrum               Ice/Necr       Unusable   N/A       N/A         6
 Haunt                    Necr/Summ      Unusable   N/A       N/A         7
 Spellforged Servitor     Conj/Summ      Unusable   N/A       N/A         7
 Summon Horrible Things   Summ           Unusable   N/A       N/A         8

Dungeon Overview and Level Annotations

Branches:
Dungeon (15/15)            Temple (0/1) D:5            Lair (5/5) D:11
  Swamp (4/4) Lair:3        Snake (4/4) Lair:2        Slime (5/5) Lair:5
    Orc (2/2) D:12            Elf (3/3) Orc:2        Vaults (5/5) D:14
  Crypt (3/3) Vaults:2       Tomb (0/3) Crypt:3      Depths (4/4) D:15
    Zot (5/5) Depths:4      Sewer (visited)          WizLab (visited)
Desolation (visited)

Altars:
Dithmenos
Elyvilon
Fedhas
Kikubaaqudgha
Makhleb
Okawaru
Qazlal
Ru
Sif Muna
Vehumet
Xom
Yredelemnul
Zin
The Shining One
Jiyva

Shops:
D:3 :   D:4 *   D:5 (   D:7 *   Orc:1 ?   Orc:2 [?!:   Elf:1 *!=   Elf:3 :
Snake:1 :   Snake:2 *   Vaults:4 !   Depths:1 [   Depths:2 =:=

Portals:
Hell: Depths:1 Depths:2 Depths:3 Depths:4
Abyss: Depths:1 Depths:2 Depths:3
Pandemonium: Depths:2 Depths:3
Ziggurat: Depths:4

Annotations:
Swamp:4 exclusion: 2 oklob plants
Depths:1 1 runed translucent door, 2 transporters, Olanal's ghost, veteran AtFi
Zot:5 1 exclusion


Innate Abilities, Weirdness & Mutations

You have a pair of horns on your head.
You reflexively headbutt those who attack you in melee.
Your body sometimes deteriorates upon taking damage.
Your muscles are strong. (Str +4, Int/Dex -1)
Your spells are a little easier to cast, but a little less powerful.
You occasionally lose the ability to drink potions when taking damage.
You have hidden genetic defects.


Message History

You fly upwards.
There is a stone staircase leading down here.
(D) Dungeon (T) Temple (L) Lair (S) Swamp (P) Snake Pit (M) Slime Pits (O) Orcish Mines (E) Elven Halls (V) Vaults (C) Crypt (W) Tomb (U) Depths (H) Hell (Z) Zot
Where to? (Enter - D:1, ? - help)
Okay, then.
A glowing orange brain comes into view.
You perforate the glowing orange brain like a sieve!!!
The glowing orange brain is haunted by guilt!
You headbutt the glowing orange brain!
You kill the glowing orange brain!
Okawaru accepts your kill.
No target in view!
No target in view!
(D) Dungeon (T) Temple (L) Lair (S) Swamp (P) Snake Pit (M) Slime Pits (O) Orcish Mines (E) Elven Halls (V) Vaults (C) Crypt (W) Tomb (U) Depths (H) Hell (Z) Zot
Where to? (Enter - D:1 @ (x,y), ? - help)
There is an open door here.
There is an open door here.
There is an open door here.
A sixfirhy comes into view.
You block the sixfirhy's attack. x2
You completely miss the sixfirhy. Your headbutt misses the sixfirhy.
You block the sixfirhy's attack. x2
You miss the sixfirhy. You headbutt the sixfirhy!
The sixfirhy is moderately wounded.
You miss the sixfirhy.
The sixfirhy is lightly wounded.
You impale the sixfirhy!!
The sixfirhy convulses!!
You kill the sixfirhy!
Okawaru accepts your kill.
No target in view!
There is an open door here.
There is an open door here.
There is a staircase leading out of the dungeon here.
You have escaped!

..#####.###...........#......#...
..#####.##..####.####..#......###
........#..##.......##......#'###
.#####.#..##.#######.##..........
'## #.#.##.##.....#'.##.........
..# #.#.#.##.#####.##.#.........
..# #...#.#.##...#'.#.#.........
..# ###.#.###.###.#.#(#.........
..# #.#.#.#.#@#.#.#.#.........
'## #.###.#.'##.#.#.#.........
.#######.#.#.##.#.##.#.#..#'#'##.
.......#.#.##.#####.##.#).#.#.##.
.......#.##.##..[..##.##..#.#....
.......#..##.#######.##...#.#####
.......##..##.......'#..........+
#.....('.#..#########..#....#####
#......#.....................## #


There were no monsters in sight!

Vanquished Creatures
  the Royal Jelly (Slime:5)
  3 dread liches
  3 orbs of fire
  3 ancient liches (Zot:5)
  Bai Suzhen (Snake:3)
  Vv (Depths:4)
  5 Killer Klowns
  4 curse toes
  Margery (Vaults:4)
  4 caustic shrikes (Depths:4)
  Vashnia (Snake:2)
  11 golden dragons
  Nikola (Elf:3)
  A bone dragon (Crypt:3)
  Jory (Depths:4)
  Cloud Mage (WizLab)
  2 electric golems (Zot:5)
  A hellephant (D:2)
  Mlioglotl (Snake:4)
  Asterion (Elf:2)
  Jorgrun (D:14)
  16 tentacled monstrosities
  A walking crystal tome (Depths:2)
  6 quicksilver dragons
  4 liches
  3 titans
  27 Orb Guardians
  2 deep elf blademasters (Elf:3)
  A walking divine tome (Depths:2)
  14 acid blobs
  3 deep elf master archers (Elf:3)
  A walking earthen tome (Depths:3)
  5 ancient champions
  6 sphinxes
  11 death cobs
  2 thorn hunters (Swamp:4)
  Agnes (Snake:1)
  19 storm dragons
  11 tengu reavers
  11 shadow dragons
  Donald (Swamp:2)
  11 draconian monks
  4 revenants
  4 fire giants
  11 nagarajas
  8 rockslimes
  9 azure jellies
  14 vault wardens
  9 deep elf sorcerers
  8 frost giants
  7 draconian shifters
  Aizul (Swamp:1)
  2 curse skulls (Crypt:1)
  A ghost moth (Zot:5)
  6 draconian stormcallers
  An imperial myrmidon (Desolation)
  4 deep elf elementalists (Elf:3)
  A balrug (Depths:2)
  8 draconian scorchers
  21 ironbound preservers
  An orc warlord (Vaults:3)
  A juggernaut skeleton (Crypt:2)
  A spriggan defender (Depths:2)
  24 very ugly things
  A reaper (Crypt:3)
  4 ghouls (Crypt:2)
  9 quicksilver oozes
  A caustic shrike skeleton (Crypt:1)
  3 vampire knights
  A war gargoyle (Vaults:5)
  17 stone giants
  3 draconian annihilators
  8 ironbound thunderhulks
  The ghost of MrSquiggles the Spear-Bearer, a journeyman MiFi of Okawaru (Lair:4)
  14 green draconians
  7 deep elf demonologists
  4 spark wasps
  5 bunyips
  15 black draconians
  9 purple draconians
  13 deep elf annihilators
  6 eleionomae
  8 yellow draconians
  12 red draconians
  4 eidola
  8 white draconians
  5 dire elephants
  Snorg (D:14)
  10 deep elf death magi
  4 ragged hierophants (Desolation)
  8 ettins
  3 jiangshi (Crypt:1)
  3 blizzard demons (WizLab)
  6 crystal guardians
  17 yaktaur captains
  Josephine (D:12)
  12 fire dragons
  15 great orbs of eyes
  6 shambling mangroves
  8 deep elf high priests
  31 vault guards
  An entropy weaver (Vaults:1)
  4 servants of whispers (Desolation)
  5 ice dragons
  5 spriggan air magi
  5 rakshasas
  6 peacekeepers
  4 ogre magi
  2 salamander tyrants (Snake:4)
  3 death knights (Crypt:3)
  7 ghost crabs
  9 hydras
  Erolcha (Orc:2)
  16 anacondas
  A spriggan skeleton (Crypt:3)
  5 ironbound frosthearts
  A fenstrider witch skeleton (Crypt:2)
  21 centaur warriors
  28 dancing weapons
  22 alligators
  12 two-headed ogres
  A two-headed ogre (shapeshifter) (Vaults:4)
  A boulder beetle (D:15)
  23 naga warriors
  3 deep troll earth magi
  6 deep troll shamans
  6 vampire magi
  5 hell hogs
  8 tengu warriors
  12 shock serpents
  A titan zombie (Crypt:1)
  8 spriggan berserkers
  Nergalle (Orc:1)
  6 death yaks
  22 naga sharpshooters
  3 orc high priests
  6 soul eaters
  8 hell knights
  A shock serpent (shapeshifter) (Vaults:5)
  19 deep elf knights
  3 skysharks
  2 shadow wraiths (Crypt:2)
  5 salamander mystics
  A sixfirhy (D:1)
  6 iron trolls
  A storm dragon skeleton (Crypt:3)
  22 skeletal warriors
  A spectral death yak (Lair:5)
  A golden dragon zombie (Crypt:3)
  9 flayed ghosts
  3 goliath frogs
  6 spriggan druids
  3 death drakes (WizLab)
  6 swamp dragons
  5 spectral hydras (Swamp:4)
  A bunyip zombie (Crypt:2)
  8 glowing orange brains
  A deep troll (shapeshifter) (Vaults:5)
  8 wizards
  A spectral anaconda (Lair:5)
  Pikel (D:6)
  64 deep trolls
  5 phantasmal warriors
  9 naga ritualists
  15 necromancers
  An obsidian statue (Lair:5)
  10 bog bodies
  23 ironbound convokers
  30 deep elf pyromancers
  2 shadow dragon zombies
  11 lindwurms
  10 deep elf archers
  5 shining eyes
  31 deep elf zephyrmancers
  42 ugly things
  7 orc knights
  A manticore (D:14)
  A cyclops (shapeshifter) (Vaults:5)
  10 orc sorcerers (Orc:2)
  8 mana vipers
  5 cyclopes
  A lindwurm (shapeshifter) (Vaults:1)
  A faun (shapeshifter) (Elf:3)
  An oklob plant (Swamp:4)
  23 moths of wrath
  A frost giant skeleton (Crypt:2)
  2 eleionoma skeletons (Crypt:3)
  10 guardian serpents
  11 salamanders
  6 elephants (Lair:5)
  An elephant (shapeshifter) (Depths:2)
  A black mamba (shapeshifter) (D:15)
  18 naga magi
  A stone giant skeleton (Crypt:1)
  34 black mambas
  5 apocalypse crabs (WizLab)
  16 vault sentinels
  A torpor snail (Lair:4)
  An alligator snapping turtle zombie (Crypt:1)
  3 smoke demons
  An eye of devastation (Slime:2)
  An unseen horror (D:12)
  2 centaur skeletons (D:14)
  2 efreet (D:14)
  A purple draconian zombie (Crypt:2)
  Psyche (D:9)
  11 cane toads
  A dire elephant skeleton (Crypt:1)
  A steelbarb worm zombie (Crypt:2)
  6 komodo dragons
  A green draconian zombie (Crypt:3)
  29 yaktaurs
  A rime drake (Lair:5)
  10 freezing wraiths
  A guardian mummy (Crypt:3)
  A red draconian zombie (Crypt:3)
  The ghost of mistaj the Shield-Bearer, a novice VSFi (D:4)
  4 polar bears
  3 tengu conjurers
  An alligator snapping turtle skeleton (Crypt:3)
  5 trolls
  3 death drake zombies (Swamp:4)
  4 hydra zombies (Swamp:4)
  A mana viper skeleton (Crypt:3)
  Prince Ribbit (D:7)
  9 blink frogs
  14 tyrant leeches
  A hornet (shapeshifter) (D:14)
  25 hornets
  2 harpy skeletons
  28 saltlings (Desolation)
  A radroach zombie (Crypt:3)
  5 dream sheep (Lair:5)
  Grinder (D:3)
  A satyr zombie (Crypt:2)
  A raiju (shapeshifter) (Depths:3)
  94 slime creatures
  A great orb of eyes zombie (Crypt:1)
  A centaur simulacrum (D:14)
  13 air elementals
  A culicivora (shapeshifter) (Vaults:5)
  7 flying skulls (Crypt:3)
  5 wyverns
  A vampire (D:12)
  11 wraiths
  16 spriggans
  A fire dragon skeleton (Crypt:2)
  2 spriggans (shapeshifter)
  8 water elementals
  3 fire elementals
  4 golden eyes
  Grum (D:11)
  47 yaks
  A redback simulacrum (D:14)
  6 basilisks
  A chaos spawn (Depths:2)
  9 vampire mosquitoes
  A steam dragon (D:8)
  Edmund (D:6)
  A glowing shapeshifter zombie (Vaults:4)
  A demonspawn zombie (Crypt:1)
  7 redbacks
  7 wargs
  Menkaure (D:5)
  A spectral cane toad (Lair:5)
  A large abomination (D:4)
  42 nagas
  An acid dragon (D:13)
  A naga (shapeshifter) (Elf:2)
  13 swamp worms
  A human zombie (Vaults:4)
  Duvessa (D:4)
  2 floating eyes (shapeshifter)
  A hydra simulacrum (Swamp:4)
  9 water moccasins
  A floating eye (Depths:1)
  2 ice beasts
  5 swamp drakes
  27 orc warriors
  2 swamp dragon zombies (Swamp:4)
  2 black bears (D:5)
  13 ogres
  9 wolves
  A boggart (Vaults:1)
  13 centaurs
  A swamp dragon skeleton (Swamp:4)
  A lemure (D:6)
  2 phantoms (D:6)
  3 kobold brigands
  A necrophage (Crypt:2)
  3 gnoll sergeants
  7 bullfrogs
  An earth elemental (Elf:3)
  5 scorpions
  A naga simulacrum (Crypt:1)
  A warg zombie (Crypt:1)
  11 wights
  Dowan (D:5)
  A human simulacrum (Vaults:4)
  2 elephant simulacra (Lair:5)
  16 killer bees
  11 howler monkeys
  2 electric eels (Lair:4)
  A wolf zombie (Crypt:1)
  4 jellies
  4 crimson imps (Depths:4)
  3 hounds
  15 orc priests
  A sleepcap (D:4)
  A gnoll bouda (D:4)
  3 iguanas
  32 orc wizards
  A boggart skeleton (D:14)
  An ogre skeleton (Crypt:1)
  10 mummies (Crypt:3)
  Robin (D:4)
  13 adders
  16 gnolls
  A howler monkey skeleton (Crypt:2)
  4 river rats (Sewer)
  2 white imps
  3 ufetubi
  4 worms
  3 dart slugs
  73 orcs
  12 ball pythons
  A bat zombie (Crypt:3)
  6 endoplasms
  4 giant cockroaches
  11 goblins
  8 hobgoblins
  4 jackals
  3 quokkas (D:6)
  12 bats
  6 frilled lizards
  10 kobolds
  An orc skeleton (Crypt:3)
  3 rats
  2 briar patches (Swamp:4)
  A fire vortex (D:15)
2383 creatures vanquished.

Vanquished Creatures (others)
  A curse toe (Zot:5)
  A tentacled monstrosity (Zot:4)
  A lich (Crypt:3)
  A quicksilver dragon (Zot:1)
  An Executioner (D:4)
  2 draconian annihilators (Zot:4)
  A deep elf demonologist (Elf:3)
  A red draconian (Zot:1)
  A yellow draconian (Zot:3)
  A deep elf annihilator (Elf:3)
  A jiangshi (Crypt:3)
  A hydra (Swamp:4)
  An alligator (Swamp:4)
  An ironbound convoker (Desolation)
  A deep elf zephyrmancer (Elf:3)
  A bloated husk (Swamp:2)
  An air elemental (WizLab)
  A swamp worm (Swamp:4)
  A warg (Elf:3)
  2 orc wizards (Orc:2)
  A white imp (D:5)
  An orc (Elf:2)
  A ball lightning (Zot:4)
  A briar patch (Swamp:4)
  18 fungi
  65 plants
  15 withered plants (Lair:5)
124 creatures vanquished.

Grand Total: 2507 creatures vanquished

Notes
Turn   | Place    | Note
-------+----------+-------------------------------------------
     0 | D:1      | MrSquiggles the Minotaur Fighter began the quest for the
                  | Orb.
     0 | D:1      | Reached XP level 1. HP: 19/19 MP: 0/0
   331 | D:1      | Reached XP level 2. HP: 27/27 MP: 1/1
  1267 | D:2      | Reached XP level 3. HP: 33/33 MP: 2/2
  2060 | D:3      | Found Foac's Book Shop.
  2153 | D:3      | Found a sacrificial altar of Ru.
  2156 | D:3      | Found an iron altar of Okawaru.
  2161 | D:3      | Became a worshipper of Warmaster Okawaru
  2167 | D:3      | Found a stormy altar of Qazlal.
  2170 | D:3      | Found a shadowy altar of Dithmenos.
  2318 | D:3      | Noticed Grinder
  2326 | D:3      | Paralysed by Grinder for 4 turns
  2334 | D:3      | Paralysed by Grinder for 5 turns
  2344 | D:3      | Killed Grinder
  2344 | D:3      | Reached * piety under Okawaru
  2345 | D:3      | Reached XP level 4. HP: 27/40 MP: 3/3
  2345 | D:3      | Reached XP level 5. HP: 32/46 MP: 4/4
  2568 | D:3      | Reached XP level 6. HP: 47/52 MP: 5/5
  3093 | D:4      | Found Plog's General Store.
  3101 | D:4      | Bought a +2 cloak for 165 gold pieces
  3256 | D:4      | Found a transporter.
  3257 | D:4      | Found a transporter.
  3258 | D:4      | Noticed mistaj's ghost (novice VSFi)
  3260 | D:4      | Identified the +1 giant spiked club of Karma {heavy, rN+}
  3570 | D:4      | Reached XP level 7. HP: 58/58 MP: 6/6
  3637 | D:4      | Reached ** piety under Okawaru
  3772 | D:4      | Noticed Robin
  3779 | D:4      | Killed Robin
  3889 | D:4      | Reached skill level 10 in Polearms
  3912 | D:5      | Entered Level 5 of the Dungeon
  3912 | D:5      | Noticed Duvessa
  3913 | D:5      | Noticed Dowan
  3981 | D:5      | Identified a scroll of acquirement
  4092 | D:4      | Acquired the ring "Zinam" {rElec rF+++ rC++ Str+6 Dex-5}
  4146 | D:5      | Killed Dowan
  4276 | D:4      | Killed Duvessa
  4317 | D:5      | Reached XP level 8. HP: 54/66 MP: 7/7
  4599 | D:5      | Found a staircase to the Ecumenical Temple.
  4629 | D:5      | Found Qoqunn's Antique Weapon Emporium.
  4741 | D:5      | Reached *** piety under Okawaru
  5115 | D:5      | Noticed Menkaure
  5127 | D:5      | Killed Menkaure
  5315 | D:6      | Found a glowing drain.
  5336 | Sewer    | Entered a sewer
  6172 | D:6      | Noticed Pikel
  6212 | D:6      | Killed Pikel
  6212 | D:6      | Reached **** piety under Okawaru
  6213 | D:6      | Reached XP level 9. HP: 65/71 MP: 7/10
  6378 | D:6      | Reached skill level 4 in Armour
  6770 | D:6      | Reached skill level 5 in Armour
  6788 | D:6      | Noticed Edmund
  6795 | D:6      | Reached skill level 5 in Fighting
  6814 | D:6      | Killed Edmund
  6968 | D:6      | Found a white marble altar of Elyvilon.
  6969 | D:6      | Found a glowing silver altar of Zin.
  6975 | D:6      | Found a glowing golden altar of the Shining One.
  7198 | D:7      | Reached skill level 6 in Armour
  7198 | D:7      | Reached skill level 5 in Invocations
  7411 | D:6      | Reached ***** piety under Okawaru
  7607 | D:7      | Found Powkunut's CLEARANCE SALE!.
  7616 | D:7      | Bought a potion of heal wounds for 30 gold pieces
  7616 | D:7      | Bought a scroll of fear for 24 gold pieces
  7628 | D:7      | Noticed Prince Ribbit
  7639 | D:7      | Killed Prince Ribbit
  7639 | D:7      | Received a gift from Okawaru
  7640 | D:7      | Reached XP level 10. HP: 65/84 MP: 11/13
  7887 | D:7      | Identified the +1 robe of Bedazzled Freedom {Fly rPois}
  8177 | D:8      | Reached skill level 7 in Armour
  8887 | D:8      | Found a burning altar of Makhleb.
  8888 | D:8      | Noticed a cacodemon
  9461 | D:9      | Reached skill level 8 in Armour
  9535 | D:9      | Noticed Psyche
  9550 | D:9      | Killed Psyche
 10118 | D:9      | Reached skill level 9 in Armour
 10400 | D:10     | Entered Level 10 of the Dungeon
 10464 | D:10     | Received a gift from Okawaru
 10545 | D:10     | Reached XP level 11. HP: 75/97 MP: 15/15
 10679 | D:10     | Found a radiant altar of Vehumet.
 10683 | D:10     | Found an ancient bone altar of Kikubaaqudgha.
 10691 | D:10     | Found a shimmering blue altar of Sif Muna.
 10696 | D:10     | Got Sif Muna's Anthology of Angles
 10745 | D:10     | Found a portal to a secret trove of treasure.
 10930 | D:10     | Noticed a two-headed ogre
 10941 | D:10     | Killed a two-headed ogre
 11201 | D:11     | Found a staircase to the Lair.
 11319 | D:11     | Reached skill level 10 in Armour
 11341 | D:11     | Reached skill level 10 in Fighting
 11354 | D:11     | Noticed Grum
 11372 | D:11     | Killed Grum
 11468 | D:11     | Noticed a two-headed ogre
 11485 | D:11     | Killed a two-headed ogre
 11691 | D:11     | Reached skill level 11 in Armour
 11770 | D:11     | Received a gift from Okawaru
 11770 | D:11     | Reached ****** piety under Okawaru
 11771 | D:11     | Reached skill level 1 in Dodging
 12151 | D:12     | Found a staircase to the Orcish Mines.
 12179 | D:12     | Reached skill level 1 in Throwing
 12198 | D:12     | Reached skill level 1 in Evocations
 12279 | D:12     | Noticed a two-headed ogre
 12289 | D:12     | Killed a two-headed ogre
 12450 | D:12     | Noticed a centaur warrior
 12464 | D:12     | Killed a centaur warrior
 12645 | D:12     | Noticed Josephine
 12645 | D:12     | Noticed a skeletal warrior
 12653 | D:12     | Killed a skeletal warrior
 12654 | D:12     | Reached XP level 12. HP: 110/110 MP: 16/16
 12654 | D:12     | Killed Josephine
 12655 | D:12     | Reached skill level 5 in Dodging
 13205 | D:12     | Noticed a centaur warrior
 13215 | D:12     | Killed a centaur warrior
 13215 | D:12     | Identified the +0 ring mail of Hairiness {*Slow rN+ Dex+3}
                  | (Okawaru gifted it to you on level 12 of the Dungeon)
 13215 | D:12     | Received a gift from Okawaru
 13370 | D:12     | Identified the +1 scale mail "Rekav" {Harm rF++ rN+ Int-4}
 13795 | Lair:1   | Entered Level 1 of the Lair of Beasts
 14493 | Lair:1   | Reached skill level 5 in Throwing
 15067 | Lair:2   | Found a staircase to the Snake Pit.
 15578 | Lair:2   | Reached skill level 5 in Evocations
 15754 | Lair:2   | Reached XP level 13. HP: 107/116 MP: 18/18
 16126 | Lair:3   | Received a gift from Okawaru
 16495 | Lair:3   | Found a staircase to the Swamp.
 16529 | Lair:3   | Reached skill level 10 in Invocations
 16733 | Lair:3   | Identified the +4 sling of Balance {drain, *Slow rCorr
                  | Int-5 SInv}
 17472 | Lair:4   | Found a large runed translucent door.
 17472 | Lair:4   | Found a large runed translucent door.
 17473 | Lair:4   | Noticed MrSquiggles's ghost (journeyman MiFi)
 18208 | Lair:4   | Killed MrSquiggles's ghost
 18270 | Lair:5   | Entered Level 5 of the Lair of Beasts
 18581 | Lair:5   | Reached skill level 5 in Shields
 18623 | Lair:5   | Found a staircase to the Slime Pits.
 18624 | Lair:5   | Found a viscous altar of Jiyva.
 18703 | Lair:5   | Received a gift from Okawaru
 19288 | Lair:5   | Identified the +9 glaive of Subjectivity {flame, rElec
                  | rPois rN+++ Dex-3}
 19317 | Lair:5   | Noticed a dire elephant
 19318 | Lair:5   | Noticed a dire elephant
 19318 | Lair:5   | Noticed a dire elephant
 19328 | Lair:5   | Killed a dire elephant
 19329 | Lair:5   | Reached skill level 10 in Dodging
 19368 | Lair:5   | Reached skill level 12 in Armour
 19368 | Lair:5   | Reached XP level 14. HP: 115/126 MP: 21/21
 19440 | Lair:5   | Received a gift from Okawaru
 19650 | Lair:5   | Identified the amulet of Lady Luck {rElec Regen+ MP+9 Str+8
                  | Dex-3}
 19701 | Lair:5   | Identified the +1 storm dragon scales of Inagan {rElec rC-
                  | Will- Str+9 Stlth+}
 20810 | Orc:1    | Entered Level 1 of the Orcish Mines
 20839 | Orc:1    | Found Daotsess's Magic Scroll Shop.
 20875 | Orc:1    | Received a gift from Okawaru
 21191 | Orc:2    | Entered Level 2 of the Orcish Mines
 21653 | Orc:2    | Found a staircase to the Elven Halls.
 21772 | Orc:2    | Found Cipachit's Book Emporium.
 21809 | Orc:2    | Found an ancient bone altar of Kikubaaqudgha.
 21846 | Orc:2    | Reached skill level 13 in Armour
 21891 | Orc:2    | Noticed Erolcha
 21893 | Orc:2    | Found a radiant altar of Vehumet.
 21899 | Orc:2    | Killed Erolcha
 21946 | Orc:2    | Found Zaisis's Magic Scroll Shoppe.
 22075 | Orc:2    | Found Jyusonuf's Distillery.
 22080 | Orc:2    | Found Lumiot's Antique Armour Emporium.
 22092 | Orc:2    | Bought a runed tower shield for 225 gold pieces
 23038 | Orc:1    | Noticed Nergalle
 23052 | Orc:1    | Killed Nergalle
 23306 | D:13     | Received a gift from Okawaru
 23899 | D:13     | Reached skill level 10 in Shields
 24177 | D:14     | Received a gift from Okawaru
 24191 | D:14     | Reached XP level 15. HP: 112/137 MP: 22/22
 24360 | D:14     | Noticed Snorg
 24369 | D:14     | Received a gift from Okawaru
 24377 | D:14     | Killed Snorg
 24569 | D:14     | Found a blossoming altar of Fedhas.
 24609 | D:14     | Reached skill level 14 in Armour
 24848 | D:14     | Noticed Jorgrun
 24903 | D:14     | Killed Jorgrun
 24903 | D:14     | Identified the +4 chain mail of the Saviour {Rampage rPois
                  | rF- rCorr} (Okawaru gifted it to you on level 14 of the
                  | Dungeon)
 24903 | D:14     | Received a gift from Okawaru
 25410 | D:14     | Found a glowing silver altar of Zin.
 25835 | D:14     | Found a gate to the Vaults.
 26033 | D:15     | Entered Level 15 of the Dungeon
 26637 | D:15     | Found a sacrificial altar of Ru.
 27180 | D:15     | Found a staircase to the Depths.
 27688 | Swamp:1  | Entered Level 1 of the Swamp
 27809 | Swamp:1  | Identified the -2 pair of gloves "Rima" {Harm Rampage rPois
                  | Stlth-} (Okawaru gifted it to you on level 1 of the Swamp)
 27809 | Swamp:1  | Received a gift from Okawaru
 27843 | Swamp:1  | Reached skill level 15 in Fighting
 27940 | Swamp:1  | Noticed Aizul
 28014 | Swamp:1  | Reached skill level 15 in Armour
 28043 | Swamp:1  | Killed Aizul
 28711 | Swamp:1  | Reached XP level 16. HP: 149/149 MP: 23/23
 28920 | Swamp:2  | Reached skill level 15 in Shields
 28948 | Swamp:2  | Noticed Donald
 28961 | Swamp:2  | Killed Donald
 29420 | Swamp:2  | Received a gift from Okawaru
 30283 | Swamp:4  | Entered Level 4 of the Swamp
 30283 | Swamp:4  | Noticed a thorn hunter
 30296 | Swamp:4  | Killed a thorn hunter
 30641 | Swamp:4  | Received a gift from Okawaru
 32473 | Swamp:4  | Received a gift from Okawaru
 32941 | Swamp:4  | Reached XP level 17. HP: 156/156 MP: 24/24
 33258 | Swamp:4  | Received a gift from Okawaru
 33353 | Swamp:4  | Found a basalt altar of Yredelemnul.
 33403 | Swamp:4  | Found a blossoming altar of Fedhas.
 33425 | Swamp:4  | Received a gift from Okawaru
 33433 | Swamp:4  | Got a decaying rune of Zot
 33752 | Snake:1  | Entered Level 1 of the Snake Pit
 33806 | Snake:1  | Identified the +0 scale mail "Xecky" {rC- rN+ Int+6}
 33888 | Snake:1  | Received a gift from Okawaru
 33971 | Snake:1  | Reached skill level 10 in Throwing
 34148 | Snake:1  | Found Munenuem's Vocational Training.
 34164 | Snake:1  | Bought a manual of Evocations for 1120 gold pieces
 34178 | Snake:1  | Identified the +2 long sword of Feam {speed, Will+ Str+4}
 34413 | Snake:2  | Noticed Agnes
 34424 | Snake:1  | Killed Agnes
 34443 | Snake:2  | Reached skill level 10 in Evocations
 34813 | Snake:1  | HP: 4/156 [poisoned by a naga warrior (splash of poison)]
 35054 | Snake:2  | Received a gift from Okawaru
 35421 | Snake:2  | Noticed Vashnia
 35480 | Snake:2  | Killed Vashnia
 36097 | Snake:2  | Identified the +2 pair of boots of Shielding {SInv}
                  | (Okawaru gifted it to you on level 2 of the Snake Pit)
 36097 | Snake:2  | Received a gift from Okawaru
 36119 | Snake:2  | Found Caggar's Neck Hole.
 37001 | Snake:3  | Noticed Bai Suzhen
 37026 | Snake:3  | Killed Bai Suzhen
 37312 | Snake:3  | Identified the +5 ring mail "Rigiresk" {rC+ Int+7}
 37412 | Snake:3  | Reached XP level 18. HP: 48/163 MP: 25/25
 38373 | Snake:4  | Entered Level 4 of the Snake Pit
 38845 | Snake:4  | Received a gift from Okawaru
 38932 | Snake:4  | Received a gift from Okawaru
 39308 | Snake:4  | Noticed Mlioglotl
 39321 | Snake:4  | Noticed a lich
 39326 | Snake:4  | Killed Mlioglotl
 39777 | Snake:4  | Received a gift from Okawaru
 40041 | Snake:4  | Got a serpentine rune of Zot
 40635 | Depths:1 | Entered Level 1 of the Depths
 40647 | Depths:1 | Paralysed by a vampire knight for 2 turns
 40825 | Depths:1 | Found Mozxyhargh's Armour Shop.
 40947 | Depths:1 | Found a runed translucent door.
 40961 | Depths:1 | Paralysed by a floating eye for 3 turns
 41161 | Depths:1 | Received a gift from Okawaru
 41184 | Depths:1 | Reached XP level 19. HP: 170/170 MP: 26/26
 41196 | Depths:1 | Found a transporter.
 41373 | Depths:1 | Found a transporter.
 41373 | Depths:1 | Noticed a hellephant
 41374 | Depths:1 | Found a one-way gate to the infinite horrors of the Abyss.
 41374 | Depths:1 | Noticed Olanal's ghost (veteran AtFi)
 41624 | Depths:1 | Found a gateway to Hell.
 41832 | Depths:2 | Received a gift from Okawaru
 41935 | Depths:2 | Received a gift from Okawaru
 42310 | Depths:2 | Identified the +0 chain mail "Rusemue" {Str+3 SInv Stlth+}
 42613 | Depths:2 | Found a runed translucent door.
 42902 | Depths:2 | Found Axoapn's Jewellery Boutique.
 42904 | Depths:2 | Found Zaiss's Book Shoppe.
 42905 | Depths:2 | Found Fiwk's Jewellery Boutique.
 42915 | Depths:2 | Bought the ring of Knowledge {rPois rN++ MP+9 Dex+6 Stlth+}
                  | for 952 gold pieces
 42968 | Depths:2 | Found a one-way gate leading to the halls of Pandemonium.
 43197 | Depths:2 | Received a gift from Okawaru
 43236 | Depths:2 | Reached skill level 15 in Dodging
 43279 | Depths:2 | Received a gift from Okawaru
 43518 | Depths:3 | Received a gift from Okawaru
 43833 | Depths:3 | Received a gift from Okawaru
 44205 | Depths:3 | Received a gift from Okawaru
 44271 | Depths:3 | Identified the +3 robe of Light {rF- rN+ Int+2 Dex+4}
 44330 | Depths:3 | Identified the +4 rapier of Wyrd {freeze, rC+}
 44420 | Depths:3 | Reached XP level 20. HP: 171/179 MP: 27/27
 44424 | Depths:3 | Received a gift from Okawaru
 45643 | Depths:4 | Entered Level 4 of the Depths
 45748 | Depths:4 | Found a gate to the Realm of Zot.
 45748 | Depths:4 | Noticed a golden dragon
 45748 | Depths:4 | Noticed a golden dragon
 45761 | Depths:4 | Killed a golden dragon
 45764 | Depths:4 | Killed a golden dragon
 45841 | Depths:4 | Noticed a caustic shrike
 45843 | Depths:4 | Noticed a caustic shrike
 45843 | Depths:4 | Noticed a caustic shrike
 45843 | Depths:4 | Noticed a caustic shrike
 45849 | Depths:4 | Killed a caustic shrike
 45849 | Depths:4 | Received a gift from Okawaru
 45854 | Depths:4 | Killed a caustic shrike
 45860 | Depths:4 | Killed a caustic shrike
 45866 | Depths:4 | Killed a caustic shrike
 45872 | Depths:4 | Received a gift from Okawaru
 45886 | Depths:4 | Reached skill level 16 in Armour
 45887 | Depths:4 | Noticed Vv
 45937 | Depths:4 | Killed Vv
 46026 | Depths:4 | Noticed Jory
 46043 | Depths:4 | Killed Jory
 46187 | Depths:4 | Found a shimmering altar of Xom.
 46361 | Depths:4 | Found a one-way gateway to a ziggurat.
 46489 | Depths:4 | Identified the +10 spear "Dayrch" {heavy, Int+3} (Okawaru
                  | gifted it to you on level 4 of the Depths)
 46489 | Depths:4 | Received a gift from Okawaru
 47360 | D:4      | Killed mistaj's ghost
 48203 | Slime:1  | Entered Level 1 of the Pits of Slime
 48569 | Slime:3  | Received a gift from Okawaru
 48758 | Slime:5  | Entered Level 5 of the Pits of Slime
 48761 | Slime:5  | Gained mutation: You possess an exceptional clarity of
                  | mind. [a shining eye]
 48762 | Slime:5  | Gained mutation: Your body sometimes deteriorates upon
                  | taking damage. [a shining eye]
 49174 | Slime:5  | Received a gift from Okawaru
 49539 | Slime:5  | Identified the +7 glaive of Theory {elec, +Blink rC+ Dex+2
                  | SInv} (Okawaru gifted it to you on level 5 of the Pits of
                  | Slime)
 49539 | Slime:5  | Received a gift from Okawaru
 49821 | Slime:5  | Found a viscous altar of Jiyva.
 49822 | Slime:5  | Noticed the Royal Jelly
 49852 | Slime:5  | Killed the Royal Jelly
 49853 | Slime:5  | Reached XP level 21. HP: 189/189 MP: 29/29
 49911 | Slime:5  | Paralysed by a great orb of eyes for 2 turns
 49991 | Slime:5  | Found the +8 whip "Snakebite" {venom, curare, rPois}
 50068 | Slime:5  | Identified the ring "Elaufaig" {Fire *Slow Str+3 Dex+2}
 50071 | Slime:5  | Got a slimy rune of Zot
 50139 | Slime:5  | Got Sif Muna's Disquisition on Shifting and Bad Luck
 50165 | Slime:5  | Identified the ring of Heneurud {rF+ Str+2}
 50169 | Slime:5  | Identified the +5 shortbow of Pride {antimagic, rN+ Will+
                  | Int-4}
 50196 | Slime:5  | Identified the +5 rapier of Chance {heavy, rElec}
 50292 | Slime:5  | Identified the +4 scimitar of Abuse {holy, Int+4} (Okawaru
                  | gifted it to you on level 5 of the Pits of Slime)
 50292 | Slime:5  | Received a gift from Okawaru
 50958 | Elf:1    | Entered Level 1 of the Elven Halls
 51065 | Elf:1    | Found a magical portal.
 51081 | WizLab   | Entered The Chambers of the Cloud Mage
 51085 | WizLab   | Paralysed by an air elemental for 1 turns
 51298 | WizLab   | Paralysed by an air elemental for 1 turns
 51303 | WizLab   | Paralysed by an air elemental for 1 turns
 51341 | WizLab   | Reached skill level 15 in Evocations
 51357 | WizLab   | Paralysed by an air elemental for 1 turns
 51381 | WizLab   | Reached skill level 17 in Armour
 51435 | WizLab   | Paralysed by an air elemental for 1 turns
 51446 | WizLab   | Paralysed by an air elemental for 1 turns
 51486 | WizLab   | Noticed Syggeg
 51494 | WizLab   | Killed Syggeg the Cloud Mage
 51546 | WizLab   | Identified the orb of Jiohuf {*Rage, Int+4 Slay-6}
 51661 | Elf:1    | Found Vofier's Jewellery Shoppe.
 51700 | Elf:1    | Identified the +1 robe of Qazlal's Condemnation {Drain
                  | rElec Stlth+}
 51731 | Elf:1    | Found Tuakiroq's Distillery.
 51744 | Elf:1    | Bought a potion of heal wounds for 90 gold pieces
 51758 | Elf:1    | Paralysed by an air elemental for 1 turns
 51875 | Elf:1    | Received a gift from Okawaru
 51949 | Elf:1    | Got the Omnibus of Blasting
 52231 | Elf:1    | Found Zael's Assorted Antiques.
 52419 | Elf:2    | Received a gift from Okawaru
 52726 | Elf:2    | Found the +2 hood of the Assassin {Detect Stab+ Stlth++}
 52836 | Elf:2    | Noticed Asterion
 52849 | Elf:2    | Killed Asterion
 52880 | Elf:2    | Found a runed translucent gate.
 52881 | Elf:2    | Found a runed translucent gate.
 52881 | Elf:2    | Found a runed translucent gate.
 52922 | Elf:2    | Received a gift from Okawaru
 53168 | Elf:2    | Received a gift from Okawaru
 53507 | Elf:3    | Entered Level 3 of the Elven Halls
 53615 | Elf:3    | Found Hoel's Self-Improvement Boutique.
 53767 | Elf:3    | Reached XP level 22. HP: 201/201 MP: 30/30
 53955 | Elf:3    | Received a gift from Okawaru
 53987 | Elf:3    | Identified the staff of air "Fungar" {Fragile rElec rF+
                  | rC++ Str+2}
 53992 | Elf:3    | Reached skill level 18 in Armour
 53992 | Elf:3    | Identified the +0 leather armour "Zuetetaw" {rPois Will+}
 53993 | Elf:3    | Identified the +0 plate armour "Fosam" {rF- Regen+ Str+3}
 54001 | Elf:3    | Identified the +8 fire dragon scales of the Catfish {rElec
                  | rF++ rC- Str+3}
 54018 | Elf:3    | Identified the amulet "Mipt" {Acrobat Will+ Dex-2 SInv}
 54032 | Elf:3    | Noticed Nikola
 54048 | Elf:3    | Killed Nikola
 54066 | Elf:3    | Reached skill level 15 in Throwing
 54149 | Elf:3    | Got the Guide on the Mortuary
 54356 | Elf:3    | Identified the +0 ring mail of Boiling Hail {Contam Dex+4}
 54359 | Elf:3    | Got the Tractate on Translocational Shaping
 54716 | Vaults:1 | Entered Level 1 of the Vaults
 54847 | Vaults:1 | Found a crumbling gateway.
 54868 | Desolati | Entered the Desolation of Salt
 55296 | Desolati | Identified the ring of Ignis's Pride {rF+ rCorr Str+7}
 55305 | Desolati | Identified the +0 leather armour of Incorporation {-Tele
                  | rCorr Str+3 Dex+6}
 55372 | Desolati | Received a gift from Okawaru
 55377 | Desolati | Identified the amulet "Gaoxol" {Reflect Int+3 SH+5}
 55387 | Desolati | Identified the +3 shortbow of Embarrassment {drain, Str+3
                  | Int+4}
 55388 | Desolati | Identified the +0 scale mail of the Other World {rF- rC+
                  | Dex+2}
 55391 | Desolati | Identified the amulet of Nomayxkue {Regen+ Dex+5 Stlth-}
 55395 | Desolati | Identified the +2 long sword of Kindness {speed, +Blink}
 55418 | Desolati | Identified the ring "Obiunyl" {+Blink Fly Str+3}
 55422 | Desolati | Identified the +2 acid dragon scales of Benujy {Regen+
                  | rCorr Str-2 Dex-3 Stlth+}
 55428 | Desolati | Got Pisemyng's Catalogue of Ill-starred Leadership
 55888 | Vaults:1 | Identified the staff of fire "Qiohuoxa" {rPois rF+ Int+2}
 55980 | Vaults:1 | Received a gift from Okawaru
 56197 | Vaults:1 | Reached skill level 19 in Armour
 56666 | Vaults:1 | Received a gift from Okawaru
 56739 | Vaults:1 | Reached XP level 23. HP: 213/213 MP: 31/31
 57183 | Vaults:2 | Received a gift from Okawaru
 57471 | Vaults:2 | Received a gift from Okawaru
 57614 | Vaults:2 | Paralysed by a sphinx for 4 turns
 57651 | Vaults:2 | Identified the staff of cold "Wachiga" {rC+ rN+++ Will-
                  | rCorr Str-5}
 58011 | Vaults:2 | Received a gift from Okawaru
 58047 | Vaults:2 | Found a staircase to the Crypt.
 58400 | Vaults:3 | Received a gift from Okawaru
 58420 | Vaults:3 | Paralysed by a sphinx for 5 turns
 58519 | Vaults:3 | Received a gift from Okawaru
 58620 | Vaults:3 | Reached skill level 20 in Armour
 59092 | Vaults:3 | Received a gift from Okawaru
 59468 | Vaults:4 | Identified the ring "Gusi" {Will+ Slay+3}
 60124 | Vaults:4 | Received a gift from Okawaru
 60141 | Vaults:4 | Found the +8 storm bow {elec, penet}
 60169 | Vaults:4 | Reached skill level 21 in Armour
 60196 | Vaults:4 | Reached XP level 24. HP: 190/224 MP: 31/31
 60223 | Vaults:4 | Identified the +0 pair of gloves "Sagume" {Slay+2} (Okawaru
                  | gifted it to you on level 4 of the Vaults)
 60223 | Vaults:4 | Received a gift from Okawaru
 60229 | Vaults:4 | Identified the +1 mace "Oletuf" {venom, Str+3 Dex+3}
 60230 | Vaults:4 | Identified the +6 war axe of Fresh Prudence {heavy, Int+3}
 60803 | Vaults:4 | Found Notihure's Distillery.
 60811 | Vaults:4 | Bought a potion of might for 68 gold pieces
 60811 | Vaults:4 | Bought a potion of might for 68 gold pieces
 60811 | Vaults:4 | Bought 2 potions of might for 136 gold pieces
 60811 | Vaults:4 | Bought a potion of heal wounds for 85 gold pieces
 60981 | Vaults:4 | Noticed Margery
 60989 | Vaults:4 | Killed Margery
 61289 | Orc:1    | Bought a scroll of brand weapon for 161 gold pieces
 61401 | Orc:2    | Bought a potion of heal wounds for 60 gold pieces
 61401 | Orc:2    | Bought a potion of might for 48 gold pieces
 61978 | D:10     | You paid a toll of +3 gold dragon scales to enter a
                  | treasure trove
 61979 | Trove    | Entered a treasure trove
 61987 | Trove    | Identified the +1 cloak of Sunlight {Harm Str+2 Dex+6}
 61996 | Trove    | Identified the +1 kite shield of Dishonesty {*Slow rC+ rN+
                  | SInv}
 61997 | Trove    | Identified the +1 kite shield "Archadgh" {Slay+4}
 62012 | Trove    | Found the +3 pair of gauntlets of War {Slay+5}
 62032 | Trove    | Identified the +2 pair of gloves of Deypn {Dex+4}
 62051 | Trove    | Identified the +0 pair of boots of Ewiah {rC+ Str+3}
 62074 | Trove    | Identified the +0 hat "Qiluv" {Contam +Inv Regen+ Stlth+}
 62599 | Vaults:5 | Entered Level 5 of the Vaults
 62759 | Vaults:5 | Reached skill level 22 in Armour
 62932 | Vaults:5 | Got the Catalogue of the Coals and Pestilence
 63061 | Vaults:5 | Identified the +9 chain mail "Egodwekk" {Str+5 Dex+2}
                  | (Okawaru gifted it to you on level 5 of the Vaults)
 63061 | Vaults:5 | Received a gift from Okawaru
 63068 | Vaults:5 | Noticed a dread lich
 63068 | Vaults:5 | Identified the amulet "Wax Sos" {Acrobat Fragile Str+3
                  | Slay+5}
 63086 | Vaults:5 | Killed a dread lich
 63270 | Vaults:5 | Identified the +10 scimitar of the Middle {freeze, rC+
                  | rCorr Int+3 Stlth-}
 63351 | Vaults:5 | Found the +3 Mad Mage's Maulers {Infuse+∞ VampMP -Cast}
 63358 | Vaults:5 | Identified the +6 morningstar "Etsell" {freeze, SInv}
 63359 | Vaults:5 | Identified the ring of Kynys {rPois rF+ rN+ Dex+5}
 63362 | Vaults:5 | Got a silver rune of Zot
 63363 | Vaults:5 | Identified the +0 ring mail "Pepsunox" {rF++ rC+ MP-9
                  | Stlth+}
 63374 | Vaults:5 | Identified the +1 dagger "Toadoewn" {spect, rElec}
 63386 | Vaults:5 | Identified the +9 ring mail of the Arcane {Str+3 Dex+6}
 64253 | Crypt:1  | Entered Level 1 of the Crypt
 65190 | Crypt:2  | Reached XP level 25. HP: 237/237 MP: 31/31
 65353 | Crypt:2  | Identified the +7 short sword "Ufajigg" {heavy, rElec
                  | Dex+4}
 65372 | Crypt:2  | Received a gift from Okawaru
 65573 | Crypt:3  | Entered Level 3 of the Crypt
 65901 | Crypt:3  | Received a gift from Okawaru
 65926 | Crypt:3  | Identified the staff of earth "Xuluuleg" {rCorr Str+2}
 66021 | Crypt:3  | Found a staircase to the Tomb.
 66073 | Crypt:3  | Identified the amulet "Pucupto" {rPois Regen+}
 66722 | Zot:1    | Entered Level 1 of the Realm of Zot
 67185 | Zot:1    | Received a gift from Okawaru
 67409 | Zot:1    | Received a gift from Okawaru
 67472 | Zot:1    | Found a radiant altar of Vehumet.
 68118 | Zot:2    | Reached skill level 23 in Armour
 68620 | Zot:3    | Noticed an orb of fire
 68633 | Zot:3    | Gained mutation: You have hidden genetic defects. [an orb
                  | of fire]
 68646 | Zot:3    | Killed an orb of fire
 68646 | Zot:3    | Received a gift from Okawaru
 68703 | Zot:3    | Received a gift from Okawaru
 68816 | Zot:3    | Received a gift from Okawaru
 68872 | Zot:3    | Reached XP level 26. HP: 249/249 MP: 31/31
 68877 | Zot:3    | Gained mutation: Your spells are a little easier to cast,
                  | but a little less powerful. [hidden defects]
 69121 | Zot:3    | Reached skill level 24 in Armour
 69462 | Zot:4    | Gained mutation: You occasionally lose the ability to read
                  | scrolls when taking damage. [hidden defects]
 69462 | Zot:4    | Lost mutation: You have hidden genetic defects. [hidden
                  | defects expressed]
 69733 | Zot:3    | Lost mutation: You possess an exceptional clarity of mind.
                  | [potion of mutation]
 69733 | Zot:3    | Lost mutation: Your body sometimes deteriorates upon taking
                  | damage. [potion of mutation]
 69733 | Zot:3    | Gained mutation: Your body sometimes deteriorates upon
                  | taking damage. [potion of mutation]
 69733 | Zot:3    | Gained mutation: You have hidden genetic defects. [potion
                  | of mutation]
 69734 | Zot:3    | Lost mutation: You have hidden genetic defects. [potion of
                  | mutation]
 69734 | Zot:3    | Lost mutation: You occasionally lose the ability to read
                  | scrolls when taking damage. [potion of mutation]
 69734 | Zot:3    | Gained mutation: Your muscles are strong. (Str +4, Int/Dex
                  | -1) [potion of mutation]
 69811 | Zot:4    | Received a gift from Okawaru
 70152 | Zot:5    | Entered Level 5 of the Realm of Zot
 70296 | Zot:5    | Received a gift from Okawaru
 70816 | Zot:5    | Received a gift from Okawaru
 70898 | Zot:5    | Noticed an orb of fire
 70915 | Zot:5    | Killed an orb of fire
 70941 | Zot:5    | Noticed a dread lich
 70947 | Zot:5    | Killed a dread lich
 70960 | Zot:5    | Noticed an ancient lich
 70963 | Zot:5    | Killed an ancient lich
 70963 | Zot:5    | Received a gift from Okawaru
 71149 | Zot:5    | Noticed an orb of fire
 71162 | Zot:5    | Killed an orb of fire
 71163 | Zot:5    | Reached skill level 25 in Armour
 71163 | Zot:5    | Noticed a dread lich
 71167 | Zot:5    | Killed a dread lich
 71184 | Zot:5    | Noticed an ancient lich
 71193 | Zot:5    | Killed an ancient lich
 71194 | Zot:5    | Reached XP level 27. HP: 252/261 MP: 31/31
 71200 | Zot:5    | Received a gift from Okawaru
 71201 | Zot:5    | Noticed an ancient lich
 71215 | Zot:5    | Killed an ancient lich
 71281 | Zot:5    | Received a gift from Okawaru
 71719 | Zot:5    | Got the Orb of Zot
 71774 | Zot:4    | Noticed Qaaroloc the pandemonium lord
 71808 | Zot:3    | Gained mutation: You have hidden genetic defects. [a
                  | neqoxec]
 71813 | Zot:3    | Gained mutation: You occasionally lose the ability to drink
                  | potions when taking damage. [a neqoxec]
 71839 | Zot:2    | Received a gift from Okawaru
 72359 | D:2      | Noticed an ancient lich
 72434 | D:$      | Escaped with the Orb!

Illustrated notes

Levels and vault maps discovered:
D:1:      evilmike_arrival_rings, layout_basic, hex_large
D:2:      layout_loops_corners, grunt_decor_cap, chequers_serial_rivers_room_a
D:3:      layout_loops_ring, grunt_temple_overflow_cloverleaf, serial_shops,
          nicolae_shop_stone, kennysheep_donut, uniq_grinder
D:4:      layout_loops_ring, gammafunk_ghost_smash, serial_shops, shop,
          nrook_uturn, uniq_robin
D:5:      layout_basic, minmay_temple_entry_trees, serial_shops,
          nicolae_take_the_stairs, lemuel_flamethrower_1, uniq_duvessa,
          uniq_menkaure
D:6:      layout_cave_pools, good_gods_temple_1, gup_sewer_entry_pipe,
          nicolae_underground_beach, uniq_pikel, uniq_edmund
D:7:      layout_cave_pools, nicolae_shop_clearance, uniq_prince_ribbit1
D:8:      layout_basic, makhleb_altar_promises_db, minivault_25
D:9:      layout_long_grid, dreamdust_deal_with_the_devil, uniq_psyche
D:10:     layout_rooms, grunt_temple_overflow_magic_moments, enter_trove_3
D:11:     layout_roguey, lair_entry_dummy, uniq_grum
D:12:     layout_basic, orc_0_dummy, uniq_josephine
D:13:     layout_cave_pools
D:14:     minmay_ornate_pinched, layout_gridville,
          hangedman_vaults_entry_quadrant_bands, fedhas_altar_3, zin_angel,
          uniq_snorg, uniq_jorgrun
D:15:     hangedman_depths_entry_civil_slaughter, layout_basic,
          portal_ice_cave_entry_dragon, skrybe_limestone_x, chequers_avenue,
          nicolae_ru_great_annihilating_truth
Lair:1:   layout_chaotic_city, grunt_megastairs_2
Lair:2:   layout_cave_pods, guppyfry_snake_entry_garden, st_stairs_11
Lair:3:   layout_loops_ring, skrybe_swamp_entry_bodies,
          chequers_serial_rivers_micro_c
Lair:4:   layout_long_grid, ebering_ghost_disaster_area, serial_bayou_lake_a
Lair:5:   due_jungle_book, layout_regular_city, slime_entry_1,
          lemuel_fruit_fields, grunt_megastairs_4
Swamp:1:  layout_basic_swamp, nicolae_swamp_small_spring, swamp_pool4,
          uniq_aizul
Swamp:2:  layout_falls_marsh, nicolae_swamp_ascending_descending_big,
          swamp_pool4, hangedman_swamp_grove, uniq_donald
Swamp:3:  layout_basic_swamp, evilmike_swamp_ruin_rubble_2
Swamp:4:  byrel_swamp_growth_death_and_undeath, layout_basic_swamp
Snake:1:  layout_rooms, nicolae_shop_vocational, grunt_megastairs_3
Snake:2:  layout_grid_shapes, drop_trap, nicolae_shop_sticking_my_neck_out,
          uniq_agnes, uniq_vashnia
Snake:3:  layout_cave_pods, nicolae_triple_integral, uniq_bai_suzhen
Snake:4:  grunt_snake_rune_serpentine_throne, layout_misc_corridors,
          uniq_mlioglotl
Slime:1:  layout_caves
Slime:2:  layout_caves, nicolae_slime_getting_an_eyeful
Slime:3:  layout_caves
Slime:4:  layout_caves
Slime:5
Orc:1:    layout_caves, serial_shops, nicolae_shop_advertising_works
          [nicolae_subvault_shop_adworks], roderic_batcave, mines1_david,
          uniq_nergalle
Orc:2:    kennysheep_orc_mage_school, layout_diamond_mine
Elf:1:    elf_arrival_001, layout_loops_ring, serial_shops, nicolae_shop_stone,
          shop, nicolae_square_shop, mu_enter_wizlab_5, minmay_elf_annihilation
Elf:2:    nicolae_elf_blades_crystal_corner, layout_loops_corners, st_stairs_6,
          uniq_asterion
Elf:3:    nooodl_elf_gasket, layout_geoelf_octagon, nicolae_shop_self_help,
          uniq_nikola
Vaults:1: portal_desolation_entry_twin_temple, v_rooms_4, v_pattern_5,
          v_misc_33, nicolae_vaults_yaktaur_gun_rack,
          vaults_mumra_minichess_inversion, vaults_room_large_hall, v_rooms_3,
          nicolae_vaults_ring_of_whatevers, nicolae_vaults_circle_grid_b,
          vaults_dpeg_emergency_exit, vaults_room_hangedman_quadrants,
          layout_vaults_omnicross
Vaults:2: v_misc_9, ontoclasm_vaults_echo, v_misc_19,
          minmay_crypt_entry_simple_plaza, hangedman_vaults_impose,
          vaults_room_semicircle, nicolae_vaults_network_s, vaults_dpeg_doors,
          hangedman_vaults_maws, vaults_room_hallway,
          nicolae_vaults_little_squares_6, layout_vaults_ring
Vaults:3: hangedman_vaults_maws, st_quartered_hall, v_misc_29,
          nicolae_vaults_alarming, hangedman_vaults_variations, v_misc_4,
          ontoclasm_vaults_ring_small, grunt_vaults_diagonal,
          hangedman_vaults_pinch, v_alt_pattern_3, vaults_room_pool,
          vaults_dpeg_diagonal, ontoclasm_vaults_twist, layout_vaults_omnibox
Vaults:4: nicolae_vaults_asterisk, hangedman_vaults_impose, v_misc_11,
          v_alt_pattern_2, nicolae_vaults_network_barrier,
          vaults_room_fancy_cross, hangedman_vaults_stitches,
          nicolae_vaults_network_quincunx
          [nicolae_vaults_network_quincunx_subvault,
          nicolae_vaults_network_quincunx_subvault,
          nicolae_vaults_network_quincunx_subvault,
          nicolae_vaults_network_quincunx_subvault,
          nicolae_vaults_network_quincunx_subvault], vaults_mumra_lcd,
          nicolae_vaults_big_angled_halls, vaults_room_fours, v_misc_25,
          vaults_room_door_ring, ontoclasm_vaults_misaligned,
          vaults_room_hallway, minmay_guarded_unrand_secular_launcher,
          v_misc_24, ontoclasm_vaults_loading_screen, v_misc_14,
          layout_vaults_maze_bifur, serial_shops, nicolae_shop_trees,
          uniq_margery
Vaults:5: serial_shops
Crypt:1:  layout_misc_corridors
Crypt:2:  layout_basic
Crypt:3:  david_glass_crypt, layout_basic,
          nicolae_tomb_entry_unfolded_pyramid_orthogonal, minmay_misc_feat_five
Depths:1: layout_forbidden_donut, gammafunk_ghost_abyssal_escape,
          pf_hell_entry_great_geh, minmay_acid_items, minmay_shop_star
Depths:2: minmay_distorted_concentric_squares, layout_twisted_cross,
          grunt_pan_entry_zigzag, lightli_too_deep, abyss_entry,
          lightli_gold_pyramid, serial_bayou_shore_a, minmay_shop_grove
Depths:3: minmay_the_grid_square_5x5_3x3 [minmay_the_grid_square_5x5_n,
          minmay_the_grid_square_5x5_broken_cross,
          minmay_the_grid_square_5x5_tri_point,
          minmay_the_grid_square_5x5_inverted_slash,
          minmay_the_grid_square_5x5_megaprize_diamond,
          minmay_the_grid_square_5x5_one_wall,
          minmay_the_grid_square_5x5_half_checkered,
          minmay_the_grid_square_5x5_sharp_hourglass,
          minmay_the_grid_square_5x5_fancy_junction], layout_gridlike,
          hell_entry, abyss_entry, roderic_roman_lattice, pan_entry
Depths:4: grunt_twist_and_shout, layout_gridville, enter_ziggurat_a,
          hellmouth_1, minmay_misc_feat_secret_circle, dk_noncrumbling_4,
          grunt_ministairs_13, led_xom_imps, uniq_jory, uniq_vv
Zot:1:    kennysheep_blocky_room, layout_cathedral_of_symmetry, basic_altar,
          uniq_josephina
Zot:2:    layout_gridlike
Zot:3:    layout_misc_corridors, grunt_ministairs_14, zot_minivault_1
Zot:4:    layout_onion, uniq_grunn
Zot:5:    layout_basic

Skill      XL: |  1  2  3  4  5  6  7  8  9 10 11 12 13 14 15 16 17 18 19 20 21 22 23 24 25 26 27 |
---------------+----------------------------------------------------------------------------------+-----
Polearms       | 3 4 7 9 11 14 | 14.0
Invocations    | 3 5 7 9 11 12 13 | 13.0
Shields        | 4 6 10 14 16 18 22 23 24 | 24.5
Fighting       | 6 9 11 12 13 15 16 17 19 20 21 22 24 | 24.2
Armour         | 6 9 11 12 13 15 16 17 19 21 22 23 25 | 25.3
Dodging        | 4 8 10 11 15 16 17 18 19 21 22 | 22.0
Throwing       | 3 5 6 9 11 12 13 14 15 16 18 19 20 | 20.1
Evocations     | 2 5 6 8 12 14 15 16 17 18 19 | 19.7

Action                     |  1- 3 |  4- 6 |  7- 9 | 10-12 | 13-15 | 16-18 | 19-21 | 22-24 | 25-27 || total
---------------------------+-------+-------+-------+-------+-------+-------+-------+-------+-------++-------
  Melee: Trident           |    69 |    92 |   443 |   837 |     9 |       |       |       |       ||  1450
         Headbutt          |     4 |    15 |    51 |   156 |   255 |   296 |   376 |   505 |   337 ||  1995
         Unarmed           |       |       |    10 |       |       |       |       |       |       ||    10
         Demon trident     |       |       |       |       |  1254 |  1513 |  1562 |  1584 |       ||  5913
         Trishula          |       |       |       |       |       |       |       |   152 |  1151 ||  1303
  Throw: Dart              |       |     5 |    10 |    28 |    22 |       |     3 |       |       ||    68
         Javelin           |       |       |       |     2 |     8 |     1 |     7 |    22 |    16 ||    56
         Boomerang         |       |       |       |    16 |    33 |   253 |   235 |   118 |    55 ||   710
 Invoke: Heroism           |       |       |     1 |     5 |    14 |    16 |    23 |    19 |    14 ||    92
         Finesse           |       |       |       |     1 |     1 |     2 |     1 |     2 |     2 ||     9
  Evoke: Wand              |       |       |       |       |     5 |       |     2 |       |     3 ||    10
         Lightning rod     |       |       |       |       |       |       |     4 |       |       ||     4
         Phial of floods   |       |       |       |       |       |       |     2 |       |       ||     2
         Condenser vane    |       |       |       |       |       |       |     1 |     1 |     1 ||     3
         Tin of tremorston |       |       |       |       |       |       |       |     4 |     5 ||     9
    Use: Scroll            |       |       |    15 |     2 |    20 |    14 |    10 |    13 |     4 ||    78
         Potion            |       |       |     1 |       |     5 |     5 |    13 |     8 |     6 ||    38
   Stab: Paralysed         |       |       |       |       |     1 |       |       |       |       ||     1
         Distracted        |       |       |       |       |       |       |    15 |     2 |       ||    17
         Confused          |       |       |       |       |       |       |       |       |     1 ||     1
 Armour: Scale mail        |    11 |     4 |       |       |       |       |       |       |       ||    15
         Chain mail        |       |    33 |   124 |    49 |       |       |       |    20 |   236 ||   462
         Skin              |       |       |     1 |       |       |       |    18 |       |       ||    19
         Crystal plate arm |       |       |       |   366 |   824 |   854 |   417 |   344 |       ||  2805
  Dodge: Dodged            |    20 |    19 |    98 |   152 |   273 |   338 |   289 |   427 |   383 ||  1999
         Repelled          |       |       |       |       |       |       |    10 |    10 |       ||    20
  Block: Buckler           |    14 |    11 |    27 |   115 |   119 |       |       |       |       ||   286
         Tower shield      |       |       |       |       |   591 |  1394 |  1234 |  1631 |   980 ||  5830
         Kite shield       |       |       |       |       |       |    10 |       |       |       ||    10
         Reflection        |       |       |       |       |       |    84 |    58 |   121 |    17 ||   280

Table legend: (Time is in decaauts)
 A = Elapsed time spent in this place.
 B = Non-inter-level travel time spent in this place.
 C = Inter-level travel time spent in this place.
 D = Time resting spent in this place.
 E = Time spent auto-exploring this place.
 F = Levels seen in this place.
 G = Mean time per level.
                   A        B        C        D        E       F      G
               +--------+--------+--------+--------+--------+-----+--------+
         Total |  71559 |  63485 |   8074 |  10474 |  37185 |  59 | 1212.9 |
       Dungeon |  19180 |  16001 |   3179 |    990 |  11875 |  15 | 1278.7 |
          Lair |   8467 |   6899 |   1568 |    908 |   4858 |   5 | 1693.4 |
         Swamp |   6253 |   5843 |    410 |   2798 |   1920 |   4 | 1563.2 |
     Snake Pit |   6472 |   6140 |    332 |   1814 |   2918 |   4 | 1618.0 |
    Slime Pits |   2353 |   2299 |     54 |   1231 |    397 |   5 |  470.6 |
  Orcish Mines |   2833 |   2334 |    499 |    377 |   1519 |   2 | 1416.5 |
   Elven Halls |   2953 |   2752 |    201 |      5 |   1782 |   3 |  984.3 |
        Vaults |   7394 |   6575 |    819 |    606 |   3861 |   5 | 1478.8 |
         Crypt |   2054 |   1935 |    119 |      0 |   1380 |   3 |  684.7 |
        Depths |   6548 |   5753 |    795 |   1149 |   3118 |   4 | 1637.0 |
           Zot |   4756 |   4663 |     93 |    462 |   2702 |   5 |  951.2 |
         Trove |    208 |    208 |      0 |      0 |      0 |   1 |  208.0 |
         Sewer |    950 |    950 |      0 |    107 |    570 |   1 |  950.0 |
        Wizlab |    518 |    518 |      0 |     25 |    162 |   1 |  518.0 |
    Desolation |    614 |    614 |      0 |      0 |    119 |   1 |  614.0 |
               +--------+--------+--------+--------+--------+-----+--------+

Top non-repeatable levels by time:
 Swamp:4: 2983 daAuts
  Lair:5: 2503 daAuts
    D:14: 2304 daAuts
 Snake:3: 2055 daAuts
Depths:2: 1961 daAuts
Depths:3: 1911 daAuts
    D:12: 1873 daAuts
    D:11: 1847 daAuts
 Snake:2: 1845 daAuts
Vaults:1: 1739 daAuts
  Lair:1: 1714 daAuts
   Orc:2: 1698 daAuts
Vaults:4: 1681 daAuts
  Lair:2: 1472 daAuts
Vaults:5: 1434 daAuts
